 Dungeon Crawl Stone Soup version 0.28.0-1-gb440e238dd (webtiles) character file.

Game seed: 2356969742223376997

1841 Ablot the Magician (level 9, 0/103 HPs)
             Began as a Gnoll Warper on Feb 24, 2022.
             Was a Believer of the Shining One.
             Slain by an ogre (3 damage)
             ... in a bailey.
             The game lasted 00:13:47 (8959 turns).

Ablot the Magician (Gnoll Warper)                   Turns: 8959, Time: 00:13:48

Health: 0/103      AC: 24    Str: 12 (14) XL:     9   Next: 12%
Magic:  18/18      EV:  2    Int:  9 (12) God:    the Shining One [**....]
Gold:   307        SH:  8    Dex: 17 (19) Spells: 16/20 levels left

rFire   + . .      SeeInvis .   a - +0 trident
rCold   . . .      Faith    .   (no shield)
rNeg    + . .      Spirit   .   (armour currently unavailable)
rPois   +          Reflect  .   (helmet currently unavailable)
rElec   .          Harm     .   (cloak currently unavailable)
rCorr   .          Rampage  .   (gloves currently unavailable)
Will    .....      NoTele   +   (boots currently unavailable)
Stlth   +.........              (no amulet)
HPRegen 0.27/turn               G - ring of protection from fire
MPRegen 0.16/turn               O - +6 ring of dexterity

@: mighty, divinely shielded, tree-form, glowing
A: stationary, stasis, torment immunity, boosted hp, (fangs 1), strong nose,
distributed training
a: Renounce Religion, Divine Shield


You were in a bailey.
You worshipped the Shining One.
The Shining One was pleased with you.
You were a tree.
You visited 2 branches of the dungeon, and saw 8 of its levels.
You also visited: Sewer and Bailey.

You collected 307 gold pieces.

Inventory:

Hand Weapons
 a - a +0 trident (weapon)
 k - a +3 dagger of holy wrath
Missiles
 d - 5 boomerangs of dispersal
 f - 33 poisoned darts (quivered)
 g - 270 stones
 m - 90 sling bullets
 o - 61 bolts
 r - 109 arrows
 w - a curare-tipped dart
 E - 4 atropa-tipped darts
 M - a throwing net
 P - 3 boomerangs
Armour
 p - the +18 Lear's hauberk
   (You found it on level 2 of the Dungeon)
 v - a +0 helmet (melded)
 y - a +3 leather armour (melded)
 D - a +0 pair of gloves (melded)
 I - a +0 pair of boots (melded)
Jewellery
 F - a ring of flight
 G - a ring of protection from fire (left branch)
 O - a +6 ring of dexterity (right branch)
Wands
 K - a wand of iceblast (3)
Scrolls
 b - 4 scrolls of teleportation {unknown}
 c - 3 scrolls of blinking
 e - 6 scrolls of identify {unknown}
 h - 2 scrolls of immolation {unknown}
 i - 2 scrolls of fear {unknown}
 l - a scroll of noise {unknown}
 t - 3 scrolls of vulnerability {unknown}
 N - a scroll of magic mapping {unknown}
Potions
 j - 2 potions of degeneration
 n - 2 potions of lignification
 q - a potion of berserk rage {unknown}
 s - 2 potions of resistance {unknown}
 u - 2 potions of attraction {unknown}
 x - 2 potions of haste {unknown}
 z - 2 potions of invisibility {unknown}
 A - 2 potions of might
 B - 2 potions of magic
 C - a potion of heal wounds {unknown}
 H - 2 potions of brilliance {unknown}
 J - a potion of curing {unknown}
 L - a potion of mutation {unknown}


   Skills:
 + Level 6.1 Fighting
 + Level 3.9 Short Blades
 + Level 3.9 Long Blades
 + Level 3.9 Axes
 + Level 3.9 Maces & Flails
 + Level 6.1 Polearms
 + Level 3.9 Staves
 + Level 3.9 Slings
 + Level 3.9 Bows
 + Level 3.9 Crossbows
 + Level 4.7 Throwing
 + Level 4.7 Armour
 + Level 6.1 Dodging
 + Level 3.9 Stealth
 + Level 3.9 Shields
 + Level 3.9 Unarmed Combat
 + Level 6.4 Spellcasting
 + Level 3.2 Conjurations
 + Level 3.2 Hexes
 + Level 3.2 Summonings
 + Level 3.2 Necromancy
 + Level 6.4 Translocations
 + Level 3.2 Transmutations
 + Level 3.2 Fire Magic
 + Level 3.2 Ice Magic
 + Level 3.2 Air Magic
 + Level 3.2 Earth Magic
 + Level 3.2 Poison Magic
 + Level 4.3 Invocations
 + Level 3.9 Evocations


You had 16 spell levels left.
You knew the following spells:

 Your Spells              Type           Power      Damage    Failure   Level
a - Blink                 Tloc           28%        N/A       2%          2
b - Passwall              Tmut/Erth      6%         N/A       9%          2

Your spell library contained the following spells:

 Spells                   Type           Power      Damage    Failure   Level
 Gell's Gravitas          Tloc           14%        N/A       4%          3
 Lesser Beckoning         Tloc           14%        N/A       4%          3
 Teleport Other           Tloc           14%        N/A       4%          3
 Magic Dart               Conj           32%        1d4       5%          1
 Sandblast                Erth           16%        2d6       5%          1
 Slow                     Hex            32%        N/A       5%          1
 Call Imp                 Summ           8%         N/A       9%          2
 Confusing Touch          Hex            8%         N/A       17%         3
 Dazzling Flash           Conj/Hex       16%        N/A       17%         3
 Mephitic Cloud           Conj/Pois/Air  8%         N/A       17%         3
 Stone Arrow              Conj/Erth      16%        3d8       17%         3
 Vampiric Draining        Necr           8%         2d6       17%         3
 Manifold Assault         Tloc           14%        N/A       38%         5
 Agony                    Necr           8%         N/A       83%         5
 Silence                  Hex/Air        4%         N/A       83%         5
 Dispersal                Tloc           7%         N/A       93%         6


Dungeon Overview and Level Annotations

Branches:
Dungeon (7/15)             Temple (1/1) D:5           Sewer (visited)
 Bailey (1/1)

Altars:
Ashenzari
Dithmenos
Elyvilon
Fedhas
Hepliaklqana
Kikubaaqudgha
Makhleb
Nemelex Xobeh
Okawaru
Qazlal
Ru
Sif Muna
Trog
Uskayaw
Vehumet
Wu Jian
Xom
Yredelemnul
Zin
The Shining One


Innate Abilities, Weirdness & Mutations

You are a tree.
Your roots penetrate the ground, keeping you stationary.
You cannot be teleported.
You are immune to unholy pain and torment.
Your maximum health is greatly increased.
Your equipment is partially melded.
((You have very sharp teeth.))
Your uncanny sense of smell can sniff out nearby items.
Your experience applies equally to all skills.


Message History

The ogre barely misses you.
Reach: a) +0 trident
Press: ? - help, Dir - move target, f/p - spriggan
Aim: a spriggan, wielding a +0 spear (almost dead, haloed, about 43% to evade your +0 trident)
You reach to attack!
You closely miss the spriggan.
The spriggan is almost dead.
The spriggan hits you but does no damage.
The ogre hits you from afar with a +0 glaive!
* * * LOW HITPOINT WARNING * * *
The ogre hits you from afar with a +0 halberd!
* * * LOW HITPOINT WARNING * * *
Reach: a) +0 trident
Press: ? - help, Dir - move target, f/p - spriggan
Aim: a spriggan, wielding a +0 spear (almost dead, haloed, about 43% to evade your +0 trident)
You reach to attack!
You miss the spriggan.
The spriggan is almost dead.
The spriggan splashes around in the water.
It was a potion of degeneration.
There was something very wrong with that liquid.
You feel weakened.
You feel dopey.
You feel clumsy. The ogre misses you.
The ogre hits you from afar with a +0 glaive.
* * * LOW HITPOINT WARNING * * *
You block the spriggan's attack.
It was a potion of lignification.
You turn into a tree.
Your +0 helmet melds into your body.
Your +0 pair of gloves melds into your body.
Your +0 pair of boots melds into your body.
Your +3 leather armour melds into your body.
Your roots penetrate the ground.
You block the ogre's attack. The ogre hits you but does no damage.
The spriggan splashes around in the water.
It was a potion of might.
You feel very mighty all of a sudden.
The spriggan splashes around in the water.
The ogre hits you but does no damage. You block the ogre's attack.
It was a potion of magic.
Magic courses through your body. You block the spriggan's attack.
The ogre hits you from afar with a +0 glaive.
You die...

#.)# #..#
#..# ∆ ∆ #..♣
∆∆ ∆∆ #..♣
∆∆∆ . #..##
♣♣ii ##..#♣
...
##..####i##♣#
##..♣.ii≈...
##...O.....
##..O....#
#########


You could see 2 ogres and 3 spriggans.

Vanquished Creatures
  A spriggan (Bailey)
  A water moccasin (D:5)
  An ice beast (D:5)
  A black bear (D:7)
  An ogre (Bailey)
  A centaur (D:3)
  4 kobold brigands (Sewer)
  A scorpion (D:5)
  A wyvern zombie (D:6)
  A wyvern skeleton (D:5)
  A bullfrog zombie (D:6)
  2 orc priests (D:7)
  4 hounds
  4 jellies
  A bullfrog skeleton (D:6)
  2 iguanas (D:5)
  2 orc wizards (D:4)
  Natasha (thrice) (D:2)
  A killer bee zombie (D:5)
  A hound skeleton (D:4)
  Robin (D:3)
  5 gnolls
  5 adders
  An ufetubus (D:4)
  2 worms (D:2)
  3 dart slugs
  9 orcs
  13 ball pythons
  6 bats
  5 endoplasms
  4 giant cockroaches
  9 hobgoblins
  4 jackals
  15 kobolds
  3 quokkas
  4 frilled lizards
  15 goblins
  12 rats
150 creatures vanquished.

Vanquished Creatures (others)
  A plant (Sewer)
1 creature vanquished.

Grand Total: 151 creatures vanquished

Notes
Turn   | Place    | Note
-------+----------+-------------------------------------------
     0 | D:1      | Ablot the Gnoll Warper began the quest for the Orb.
     0 | D:1      | Reached XP level 1. HP: 20/20 MP: 6/6
    68 | D:1      | Found a faded altar of an unknown god.
    77 | D:1      | Reached XP level 2. HP: 21/26 MP: 7/7
    80 | D:1      | Learned a level 2 spell: Blink
    96 | D:1      | Prayed at the altar of an unknown god.
    96 | D:1      | Became a worshipper of the Shining One
    96 | D:1      | Reached * piety under the Shining One
  1116 | D:1      | Reached XP level 3. HP: 29/31 MP: 9/9
  1258 | D:2      | Reached skill level 5 in Spellcasting
  1666 | D:2      | Reached skill level 1 in Invocations
  1757 | D:2      | Reached skill level 1 in Short Blades
  1757 | D:2      | Reached skill level 1 in Long Blades
  1757 | D:2      | Reached skill level 1 in Axes
  1757 | D:2      | Reached skill level 1 in Maces & Flails
  1757 | D:2      | Reached skill level 1 in Staves
  1757 | D:2      | Reached skill level 1 in Slings
  1757 | D:2      | Reached skill level 1 in Bows
  1757 | D:2      | Reached skill level 1 in Crossbows
  1757 | D:2      | Reached skill level 1 in Stealth
  1757 | D:2      | Reached skill level 1 in Shields
  1757 | D:2      | Reached skill level 1 in Unarmed Combat
  1757 | D:2      | Reached skill level 1 in Evocations
  1757 | D:2      | Reached XP level 4. HP: 19/38 MP: 11/11
  2040 | D:2      | Found the +18 Lear's hauberk
  2078 | D:2      | Noticed Natasha
  2088 | D:2      | Killed Natasha
  2148 | D:2      | Reached skill level 1 in Conjurations
  2148 | D:2      | Reached skill level 1 in Hexes
  2148 | D:2      | Reached skill level 1 in Summonings
  2148 | D:2      | Reached skill level 1 in Necromancy
  2148 | D:2      | Reached skill level 1 in Transmutations
  2148 | D:2      | Reached skill level 1 in Fire Magic
  2148 | D:2      | Reached skill level 1 in Ice Magic
  2148 | D:2      | Reached skill level 1 in Air Magic
  2148 | D:2      | Reached skill level 1 in Earth Magic
  2148 | D:2      | Reached skill level 1 in Poison Magic
  2232 | D:2      | Noticed Natasha
  2248 | D:2      | Killed Natasha
  2249 | D:2      | Reached XP level 5. HP: 38/43 MP: 12/12
  2532 | D:3      | Found a glowing drain.
  2535 | D:3      | Noticed Robin
  2537 | D:3      | Reached ** piety under the Shining One
  2597 | D:3      | Killed Robin
  2629 | Sewer    | Entered a sewer
  2753 | Sewer    | Noticed a kobold brigand
  2753 | Sewer    | Noticed a kobold brigand
  2776 | Sewer    | Killed a kobold brigand
  2777 | Sewer    | Reached XP level 6. HP: 27/50 MP: 13/13
  2810 | Sewer    | Reached skill level 5 in Fighting
  2810 | Sewer    | Reached skill level 5 in Polearms
  2810 | Sewer    | Reached skill level 5 in Dodging
  3148 | Sewer    | Reached XP level 7. HP: 33/56 MP: 15/15
  3792 | D:3      | Learned a level 2 spell: Passwall
  4408 | D:2      | Noticed Natasha
  4418 | D:2      | Killed Natasha
  5364 | D:5      | Entered Level 5 of the Dungeon
  5782 | D:5      | Reached XP level 8. HP: 60/63 MP: 16/16
  6176 | D:5      | Found a staircase to the Ecumenical Temple.
  6219 | Temple   | Entered the Ecumenical Temple
  8618 | D:7      | Found a flagged portal.
  8700 | Bailey   | Entered a bailey
  8703 | Bailey   | Noticed a spriggan
  8720 | Bailey   | Killed a spriggan
  8721 | Bailey   | Reached XP level 9. HP: 44/69 MP: 15/18
  8954 | Bailey   | HP: 3/69 [ogre (16)]
  8956 | Bailey   | HP: 1/69 [ogre (2)]
  8959 | Bailey   | Slain by an ogre

Illustrated notes

Levels and vault maps discovered:
D:1:      dpeg_arrival_shelter, layout_basic, dreamdust_ecumenical_altar_statues
D:2:      minmay_razor_zed, layout_basic, uniq_natasha
D:3:      layout_basic, cheibrodos_sewer_entry_drain, minivault_14, uniq_robin
D:4:      layout_loops_ring
D:5:      layout_rooms, minmay_temple_entry_stoned_glass
D:6:      layout_rooms
D:7:      layout_basic, enter_bailey_8, grunt_decor_mini_mirrors
Temple:   mainiacjoe_temple_cubbyholes
Bailey:   bailey_polearm_enchanted_keep_hellmonk, bailey

Skill      XL: |  1  2  3  4  5  6  7  8 |
---------------+-------------------------+-----
Spellcasting   | 5 6 |  6.4
Invocations    | 1 2 3 4 |  4.3
Short Blades   | 1 2 3 |  3.9
Long Blades    | 1 2 3 |  3.9
Axes           | 1 2 3 |  3.9
Maces & Flails | 1 2 3 |  3.9
Staves         | 1 2 3 |  3.9
Slings         | 1 2 3 |  3.9
Bows           | 1 2 3 |  3.9
Crossbows      | 1 2 3 |  3.9
Stealth        | 1 2 3 |  3.9
Shields        | 1 2 3 |  3.9
Unarmed Combat | 1 2 3 |  3.9
Evocations     | 1 2 3 |  3.9
Conjurations   | 1 2 3 |  3.2
Hexes          | 1 2 3 |  3.2
Summonings     | 1 2 3 |  3.2
Necromancy     | 1 2 3 |  3.2
Transmutations | 1 2 3 |  3.2
Fire Magic     | 1 2 3 |  3.2
Ice Magic      | 1 2 3 |  3.2
Air Magic      | 1 2 3 |  3.2
Earth Magic    | 1 2 3 |  3.2
Poison Magic   | 1 2 3 |  3.2
Throwing       | 3 4 |  4.7
Armour         | 3 4 |  4.7
Fighting       | 5 6 |  6.1
Polearms       | 5 6 |  6.1
Dodging        | 5 6 |  6.1
Translocations | 6 |  6.4

Action                   |  1- 3 |  4- 6 |  7- 9 || total
-------------------------+-------+-------+-------++-------
Melee: Spear             |   126 |   267 |   356 ||   749
       Bite              |    17 |    36 |    53 ||   106
       Punch             |     3 |     8 |    11 ||    22
       Dagger            |       |       |    42 ||    42
       Trident           |       |       |    32 ||    32
Throw: Dart              |       |       |     4 ||     4
Invok: Divine Shield     |       |     1 |     3 ||     4
  Use: Potion            |       |       |     4 ||     4
Armor: Leather armour    |    18 |       |   108 ||   126
       Chain mail        |       |   177 |    24 ||   201
       Skin              |       |       |     2 ||     2
Dodge: Dodged            |    49 |    72 |   255 ||   376
Block: Other             |       |    10 |    12 ||    22
